 Dungeon Crawl Stone Soup version 0.29.1-2-gbd0b4ee654 (webtiles) character file.

Game seed: 17551929809133195575

2424 qeuew the Agent of Entropy (level 9, 0/68 HPs)
             Began as a Demonspawn Abyssal Knight on Nov 15, 2022.
             Was a Priest of Lugonu.
             Slain by a smoke demon (2 damage)
             ... summoned by Lugonu's corruption
             ... on level 7 of the Dungeon.
             The game lasted 00:09:17 (6247 turns).

qeuew the Agent of Entropy (DsAK)                   Turns: 6247, Time: 00:09:17

Health: 0/68       AC:  8    Str: 14    XL:     9   Next: 24%
Magic:  0/14       EV: 13    Int: 12    God:    Lugonu [***...]
Gold:   330        SH:  0    Dex: 19    Spells: 15/15 levels left

rFire   . . .      SeeInvis +   a - +1 hand axe (spect)
rCold   + + .      Faith    .   (no shield)
rNeg    . . .      Spirit   +   f - +0 ring mail
rPois   .          Reflect  .   (helmet restricted)
rElec   .          Harm     .   (no cloak)
rCorr   .          Rampage  .   u - +1 pair of gloves {Dex+3}
Will    .....      NoCast   +   (no boots)
Stlth   +.........              d - amulet "Neytetipra" {Spirit -Cast Dex+3 SInv}
HPRegen 0.21/turn               l - ring of protection from cold
MPRegen 0.14/turn               g - +4 ring of slaying

@: no status effects
A: antennae 1, hooves 2, foul stench 2, spiny 2, claws 1, clumsy 1, cold
resistance 1, weak 1
a: Renounce Religion, Depart the Abyss, Bend Space, Banish


You were on level 7 of the Dungeon.
You worshipped Lugonu.
Lugonu was most pleased with you.
You visited 1 branch of the dungeon, and saw 7 of its levels.
You visited the Abyss 1 time.

You collected 592 gold pieces.
You spent 262 gold pieces at shops.

Inventory:

Hand Weapons
 a - a +1 spectral hand axe (weapon)
Missiles
 k - 2 throwing nets
Armour
 f - a +0 ring mail (worn)
 u - a +1 pair of gloves of dexterity (worn)
Jewellery
 d - the amulet "Neytetipra" (around neck) {Spirit -Cast Dex+3 SInv}
   (You acquired it on level 2 of the Dungeon)

   [amulet of guardian spirit]

   It causes incoming damage to be divided between your reserves of health and
   magic.
   Dex:       It affects your dexterity (+3).
   SInv:      It lets you see invisible.
   -Cast:     It prevents spellcasting.
 g - a +4 ring of slaying (right hand)
 l - a ring of protection from cold (left hand)
 n - a ring of see invisible
Wands
 o - a wand of flame (19)
 t - a wand of mindburst (18)
Scrolls
 b - 2 scrolls of fear
 e - a scroll of magic mapping
 i - 2 scrolls of identify
 j - a scroll of silence
 s - a scroll of amnesia
Potions
 c - 2 potions of brilliance
 m - a potion of haste
 p - a potion of curing
 q - a potion of might
 r - 2 potions of heal wounds
 v - a potion of invisibility


   Skills:
 + Level 5.6 Fighting
 + Level 4.7 Axes
 + Level 4.7 Armour
 + Level 4.3 Dodging
 + Level 3.7 Spellcasting
 + Level 6.7 Invocations
 + Level 4.0 Evocations


You had 15 spell levels left.
You didn't know any spells.
Your spell library contained the following spells:

 Spells                   Type           Power      Damage    Failure   Level
 Summon Small Mammal      Summ           8%         N/A       41%         1
 Blink                    Tloc           4%         N/A       54%         2
 Call Canine Familiar     Summ           2%         N/A       78%         3
 Ignite Poison            Fire/Tmut/Pois 2%         N/A       78%         3
 Lesser Beckoning         Tloc           2%         N/A       78%         3
 Mephitic Cloud           Conj/Pois/Air  2%         N/A       78%         3
 Summon Guardian Golem    Hex/Summ       2%         N/A       78%         3
 Freezing Cloud           Conj/Ice/Air   1%         6-21      100%        5
 Manifold Assault         Tloc           2%         N/A       100%        5


Dungeon Overview and Level Annotations

Branches:
Dungeon (7/15)             Temple (0/1) D:5

Altars:
Gozag
Kikubaaqudgha

Shops:
D:2 :   D:6 *[

Annotations:
D:5 1 runed translucent door, kingsuperguy's ghost, amateur TrMo
D:7 corrupted
Abyss:1 Crazy Yiuf


Innate Abilities, Weirdness & Mutations

You have a pair of small antennae on your head.
You have hoof-like feet.
You sometimes emit foul miasma when damaged in melee.
You are mostly covered in sharp spines.
You have sharp fingernails.
You are clumsy. (Dex -2)
Your flesh is cold resistant. (rC+)
You are weak. (Str -2)


Message History

You closely miss the orc.
The orc is heavily wounded.
Your +1 spectral hand axe hits the orc!
You kill the orc!
Lugonu accepts your kill.
Your +1 spectral hand axe hits the large abomination but does no damage.
Your +1 spectral hand axe hits the ufetubus.
Your +1 spectral hand axe misses the ufetubus.
Your +1 spectral hand axe hits the ynoxinul.
Your +1 spectral hand axe hits the ufetubus!
You kill the ufetubus!
The ufetubus disappears in a puff of smoke!
Your +1 spectral hand axe hits the small abomination.
The harpy zombie misses the kobold.
The harpy zombie claws the kobold!
The kobold dies!
The worldbinder hits the kobold brigand.
The worldbinder closely misses the kobold brigand.
The small abomination completely misses your +1 spectral hand axe.
The ufetubus closely misses your +1 spectral hand axe.
The ufetubus hits your +1 spectral hand axe but does no damage. x2
The ufetubus completely misses your +1 spectral hand axe.
The black mamba is engulfed in dark miasma.
The black mamba barely misses the kobold brigand.
The large abomination hits the kobold brigand!!
The kobold brigand dies!
The thrashing horror tramples the orc but does no damage.
The thrashing horror tramples the orc.
The orc holds its ground!
The large abomination hits the orc but does no damage.
The small abomination closely misses the orc.
The large abomination hits something!!!
The large abomination hits you!!
* * * LOW HITPOINT WARNING * * *
You emit a cloud of foul miasma!
The ufetubus closely misses your +1 spectral hand axe.
The ufetubus completely misses your +1 spectral hand axe.
The ynoxinul gestures.
The orc hits the black mamba with a +0 flail!
The ufetubus misses your +1 spectral hand axe.
The ufetubus barely misses your +1 spectral hand axe.
The smoke demon hits you.
You die...

##.........##...##......#
.#.........#.....#.....##
......#....#......#...#.).
..#.. ##...#(.....#..#####
..## #..##.......##..####
...## #...X..#q#..#....#..#
....###......X)X).........#
~..≈........XXoxZ#.Z~2.~..#
~..~###.....#K#S@53#≈..~~.#
~..~# #.....#xx3X(§#.≈..~.#
~...###...5X.X.555xX......#
.≈.♣..#....5#Nx43535......#
≈~≈.#......X4#N4.xZ†4...~.#
.~~.######.XX3#3##.†.X..~#
.~≈~# .#5xW#.#~.......#
...## ###5#~###≈.X..~# ####
##.####.#...##


You could see an orc, 5 neutral starcursed masses, a neutral cacodemon
(summoned, distracted), a neutral purple draconian shifter (summoned,
distracted), a neutral tentacled starspawn (summoned, distracted), 2 neutral
naga warriors, a neutral sun demon (summoned, distracted), a neutral orange
demon (summoned, distracted), 2 neutral thrashing horrors, 6 neutral large
abominations, a neutral hellwing (summoned, distracted), a neutral rust devil
(summoned, distracted), a neutral worldbinder (summoned, distracted), a neutral
black mamba (summoned, distracted), 2 neutral smoke demons, 3 neutral ynoxinuls,
a neutral chaos spawn (summoned, distracted), 6 neutral small abominations, a
neutral shadow (summoned, distracted), a neutral white imp (summoned,
distracted), 8 neutral ufetubi, a neutral anaconda zombie (summoned,
distracted), a neutral harpy zombie (summoned, distracted), a neutral spriggan
defender zombie (summoned, distracted) and a friendly +1 spectral hand axe
(summoned).

Vanquished Creatures
  Prince Ribbit (D:6)
  A water moccasin (D:5)
  An ice beast (D:7)
  2 orc warriors
  A sky beast (D:6)
  3 black bears
  2 ogres
  2 centaurs (D:7)
  A kobold brigand (D:7)
  A necrophage (D:7)
  4 scorpions
  4 killer bees (D:7)
  A howler monkey (D:6)
  2 hounds
  An orc wizard (D:7)
  5 iguanas
  10 gnolls
  3 adders
  2 shadow imps
  An ufetubus (D:4)
  2 worms
  19 orcs
  6 ball pythons
  8 endoplasms
  2 giant cockroaches
  7 hobgoblins
  3 jackals (D:3)
  9 kobolds
  9 bats
  2 frilled lizards (D:1)
  15 goblins
  5 rats
135 creatures vanquished.

Vanquished Creatures (others)
  A kobold brigand (D:7)
  An orc wizard (D:7)
  2 orcs (D:7)
  3 kobolds (D:7)
  7 withered plants (D:5)
14 creatures vanquished.

Grand Total: 149 creatures vanquished

Notes
Turn   | Place    | Note
-------+----------+-------------------------------------------
     0 | Abyss:1  | qeuew the Demonspawn Abyssal Knight began the quest for the
                  | Orb.
     0 | Abyss:1  | Reached XP level 1. HP: 18/18 MP: 2/2
     1 | D:1      | Escaped the Abyss
    63 | D:1      | Reached skill level 1 in Dodging
   243 | D:1      | Found a faded altar of an unknown god.
   285 | D:1      | Gained mutation: You are partially covered in sharp spines.
                  | [demonic ancestry]
   285 | D:1      | Reached XP level 2. HP: 21/24 MP: 4/4
   565 | D:1      | Reached skill level 3 in Invocations
   826 | D:1      | Discovered your monstrous ancestry.
   826 | D:1      | Gained mutation: You have large cloven feet. [demonic
                  | ancestry]
   826 | D:1      | Reached XP level 3. HP: 29/29 MP: 5/5
  1313 | D:2      | Found Qieqou's Vocational Training.
  1420 | D:2      | Reached *** piety under Lugonu
  1728 | D:2      | Found a runed translucent door.
  1729 | D:2      | Noticed Crazy Yiuf
  1751 | D:2      | Reached XP level 4. HP: 35/35 MP: 6/6
  2384 | D:2      | Banished Crazy Yiuf
  2385 | D:2      | Gained mutation: You have hoof-like feet. [demonic
                  | ancestry]
  2385 | D:2      | Reached XP level 5. HP: 17/41 MP: 2/7
  2557 | D:2      | Identified a scroll of acquirement
  2557 | D:2      | Acquired the amulet "Neytetipra" {Spirit -Cast Dex+3 SInv}
  3200 | D:3      | Found an opulent altar of Gozag.
  3487 | D:3      | Gained mutation: You have sharp fingernails. [potion of
                  | mutation]
  3487 | D:3      | Gained mutation: You are weak. (Str -2) [potion of
                  | mutation]
  3487 | D:3      | Gained mutation: You are clumsy. (Dex -2) [potion of
                  | mutation]
  3487 | D:3      | Gained mutation: Your flesh is cold resistant. (rC+)
                  | [potion of mutation]
  3540 | D:4      | Reached skill level 4 in Invocations
  3550 | D:4      | Gained mutation: You are mostly covered in sharp spines.
                  | [demonic ancestry]
  3550 | D:4      | Reached XP level 6. HP: 22/48 MP: 6/9
  3797 | D:4      | Reached skill level 1 in Evocations
  3811 | D:4      | Reached skill level 1 in Spellcasting
  4020 | D:5      | Entered Level 5 of the Dungeon
  4047 | D:5      | Noticed an ice beast
  4055 | D:5      | Banished an ice beast
  4167 | D:5      | Gained mutation: You may rarely emit foul miasma when
                  | damaged in melee. [demonic ancestry]
  4167 | D:5      | Reached XP level 7. HP: 44/54 MP: 7/10
  4280 | D:5      | Reached skill level 5 in Invocations
  4649 | D:5      | Found an ancient bone altar of Kikubaaqudgha.
  4724 | D:5      | Found a runed translucent door.
  4728 | D:5      | Noticed kingsuperguy's ghost (amateur TrMo)
  4754 | D:5      | Reached **** piety under Lugonu
  4786 | D:5      | Found a staircase to the Ecumenical Temple.
  5051 | D:6      | Gained mutation: You have a pair of small antennae on your
                  | head. [demonic ancestry]
  5051 | D:6      | Reached XP level 8. HP: 61/61 MP: 10/12
  5286 | D:6      | Found Caacwogun's Overcharged Wands.
  5289 | D:6      | Found Liaxuk's Antique Armour Shop.
  5361 | D:6      | Bought a pair of embroidered gloves for 262 gold pieces
  5424 | D:6      | Reached skill level 5 in Fighting
  5605 | D:6      | Noticed Prince Ribbit
  5612 | D:6      | Killed Prince Ribbit
  5613 | D:6      | Reached skill level 6 in Invocations
  6161 | D:7      | Gained mutation: You sometimes emit foul miasma when
                  | damaged in melee. [demonic ancestry]
  6161 | D:7      | Reached XP level 9. HP: 66/68 MP: 14/14
  6244 | D:7      | Corrupted D:7
  6244 | D:7      | Noticed a starcursed mass
  6244 | D:7      | Noticed a thrashing horror
  6244 | D:7      | Noticed a thrashing horror
  6244 | D:7      | Noticed a purple draconian shifter
  6244 | D:7      | Noticed a large abomination
  6244 | D:7      | Noticed a worldbinder
  6244 | D:7      | Noticed a sun demon
  6244 | D:7      | Noticed a smoke demon
  6244 | D:7      | Noticed a rust devil
  6244 | D:7      | Noticed a starcursed mass
  6245 | D:7      | Noticed a large abomination
  6245 | D:7      | Noticed a hellwing
  6245 | D:7      | Noticed an orange demon
  6246 | D:7      | Noticed a cacodemon
  6246 | D:7      | Noticed a tentacled starspawn
  6247 | D:7      | Noticed a naga warrior
  6247 | D:7      | Noticed a naga warrior
  6247 | D:7      | Noticed a black mamba
  6247 | D:7      | HP: 2/68 [large abomination[Lugonu's corruption] (19)]
  6247 | D:7      | Noticed a smoke demon
  6247 | D:7      | Slain by a smoke demon

Illustrated notes

Levels and vault maps discovered:
D:1:      dpeg_arrival_solitude, layout_loops_corners, basic_ecumenical_altar,
          minmay_quantized
D:2:      layout_loops_ring, nicolae_shop_vocational, uniq_crazy_yiuf_cottage
D:3:      layout_loops_ring, nicolae_gozag_seed_capital
D:4:      layout_rooms
D:5:      layout_basic, kiku_gazebo_garden_becter, minmay_temple_entry_arrows,
          ebering_ghost_reflecting_pool
D:6:      layout_layer_cave, serial_shops, shop, nicolae_shop_overcharged_wands,
          uniq_prince_ribbit1
D:7:      nicolae_cairo_tiling_large_dashed, layout_rooms,
          nicolae_qazlal_style_of_elements, yredelemnul_altar_generic,
          mainiacjoe_overflow_24_doors, serial_rivers,
          chequers_serial_rivers_marsh, chequers_serial_rivers_room_b,
          chequers_serial_rivers_room_a, chequers_serial_rivers_marsh,
          chequers_serial_rivers_micro_d, chequers_serial_rivers_micro_a

Skill      XL: |  1  2  3  4  5  6  7  8  9 |
---------------+----------------------------+-----
Dodging        | 1 2 3 4 |  4.3
Axes           | 2 3 4 |  4.7
Armour         | 2 3 4 |  4.7
Invocations    | 3 4 5 6 |  6.7
Evocations     | 1 2 3 4 |  4.0
Fighting       | 4 5 |  5.6
Spellcasting   | 1 2 3 |  3.7

Action                   |  1- 3 |  4- 6 |  7- 9 || total
-------------------------+-------+-------+-------++-------
Melee: Hand axe          |    75 |    64 |    72 ||   211
       Kick              |     6 |    15 |    23 ||    44
       Punch             |       |       |     2 ||     2
Invok: Banish            |       |     4 |       ||     4
       Bend Space        |       |     1 |       ||     1
       Corrupt           |       |       |     1 ||     1
  Use: Scroll            |     5 |     8 |     3 ||    16
       Potion            |     1 |     6 |     2 ||     9
 Stab: Distracted        |       |       |     5 ||     5
Armor: Leather armour    |     8 |       |       ||     8
       Ring mail         |    16 |    15 |    21 ||    52
Dodge: Dodged            |    53 |    46 |    57 ||   156
